[Event "Romanian Superleague 2022"]
[Site "Oradea"]
[Date "2022.09.23"]
[Round "3.6"]
[White "Bulau, Andrei-Cristian"]
[Black "Toma, Radu-Cristian"]
[Result "0-1"]
[ECO "E48"]
[WhiteElo "2183"]
[BlackElo "2410"]
[Annotator "TA"]
[PlyCount "106"]
[EventDate "2022.09.21"]
[EventType "team-tourn"]
[EventCountry "ROU"]
[SourceTitle "playchess.com"]
[Source "ChessBase"]
[SourceQuality "1"]
[TimeControl "40/5400+30:1800+30"]

1. d4 Nf6 2. c4 e6 3. Nc3 Bb4 4. e3 c5 5. Bd3 O-O 6. Nge2 cxd4 7. exd4 d5 8. O-O Be7 9. Bg5 Nc6 10. Rc1 dxc4 11. Bxc4 Nd5 {[%emt 0:00:30] E48: Nimzo-Indian: Rubinstein: 5 Bd3 d5 including 6 Ne2, but excluding 6 a3.} 12. Bxe7 Ncxe7 13. Nxd5 Nxd5 {[%emt 0:03:46] [#] The position is equal.} 14. Qd2 $146 ({Predecessor:} 14. Nc3 Nf6 15. Re1 Qb6 16. d5 exd5 17. Nxd5 Nxd5 18. Bxd5 Qxb2 19. Rc7 Be6 20. Rxb7 {½-½ (29) Dubov,D (2501)-Beradze,I (2294) Kocaeli 2011}) 14... Bd7 (14... b6 $142) 15. Bxd5 $11 exd5 16. Rc5 Bc6 17. Nf4 Qg5 18. Qc1 Qf5 19. g3 Rad8 20. Qb1 Qf6 21. Qd3 Rfe8 22. h4 h6 23. Rd1 Re4 24. Nxd5 $2 Qe6 $19 ({Worse is} 24... Rxd5 25. Rxc6 Qxd4 26. Qxd4 (26. Rc8+ Kh7 $11) 26... Rexd4 27. Rxd4 Rxd4 28. Rc7 $11) 25. Ne3 Rexd4 26. Qxd4 Rxd4 27. Rxd4 Qxa2 28. Rc2 Qe6 ({Better is} 28... Bf3 $19 {And now ...Qb1+ would win.} 29. Rcd2 a5) 29. Kh2 a5 30. Rcd2 a4 31. Rf4 $2 {[%emt 0:05:22] [#]} (31. Nd5 $1 $15) 31... Kh7 $1 32. Rfd4 Qe5 33. Rf4 f6 34. Rfd4 (34. Rc4 $17) 34... Qh5 (34... b5 $19 {has better winning chances. ...f5 is the strong threat.} 35. Rf4 Qe6) 35. Rf4 {[%emt 0:02:18] Against f5} (35. Nd5 $17 {is a better defense.}) 35... Qc5 {[%emt 0:00:53] Threatens to win with ...Qc1.} 36. Rc4 {[%emt 0:01:15] Prevents Qc1.} Qh5 37. Rf4 $1 {[%emt 0:00:08] Against Qf3} Qf7 38. Rc4 Qg6 {[%emt 0:00:42] aiming for ...Qb1.} 39. Rd1 {[%emt 0:01:35] [#] Prevents Qb1.} (39. Nd5 $17) 39... Qh5 $1 40. Rc2 Qf3 41. Rcd2 b5 42. Rg1 Bd7 $2 43. Nc2 $2 (43. Rxd7 $11 Qxf2+ 44. Ng2 Qxb2 45. Re1) 43... Qg4 44. Kg2 (44. Rh1) 44... Bc6+ $2 (44... Qh3+ 45. Kf3 Bc6+ 46. Ke2 Qg4+ 47. f3 Qxf3+ 48. Ke1 b4) 45. Kh2 Bd7 $2 (45... Bb7 46. Re1 b4) 46. Kg2 $1 Qh3+ 47. Kf3 Bc6+ {[%emt 0:01:51] Black is clearly winning.} 48. Ke2 Qg4+ 49. Ke1 Bf3 50. Rd4 {[%emt 0:09:40] Prevents Qe4+.} Qf5 51. Kd2 Be4 52. Rc1 Qxf2+ 53. Kc3 Qxg3+ {[%emt 0:00:16] Weighted Error Value: White=0.54/Black=0.38} 0-1

[Event "Romanian Superleague 2022"]
[Site "Oradea"]
[Date "2022.09.23"]
[Round "3.7"]
[White "Efimenko, Zahar"]
[Black "Dobre, Claudiu-Cristian"]
[Result "1/2-1/2"]
[ECO "A07"]
[WhiteElo "2599"]
[BlackElo "2268"]
[Annotator "TA"]
[PlyCount "115"]
[EventDate "2022.09.21"]
[EventType "team-tourn"]
[EventCountry "ROU"]
[SourceTitle "playchess.com"]
[Source "ChessBase"]
[SourceQuality "1"]
[TimeControl "40/5400+30:1800+30"]

1. Nf3 d5 2. g3 c6 3. Bg2 Bg4 4. O-O Nd7 5. d4 e6 6. c4 Bd6 7. h3 {[%emt 0:04:35] A07: Réti Opening: New York and Capablanca Systems.} Bh5 8. Qb3 Rb8 9. Nc3 {[%emt 0:00:53][%cal Rc4d5] White is slightly better.} Ngf6 10. Nd2 Bg6 11. e4 dxe4 12. Ndxe4 Nxe4 13. Nxe4 Bxe4 14. Bxe4 O-O 15. Be3 {[%emt 0:01:02] [#]} f5 $146 ({Predecessor:} 15... Qa5 16. c5 Nf6 17. Bc2 Bc7 18. Bg5 Nd5 19. Qd3 g6 20. a3 Bd8 21. Bh6 Re8 {1-0 (46) Donchenko,A (2641)-Perez Ponsa,F (2554) Chess.com INT 2021}) 16. c5 fxe4 17. Qxe6+ ({Reject} 17. cxd6 Qf6 $11) 17... Rf7 18. cxd6 Nf6 {[%emt 0:00:29] Against d5} 19. Bf4 {[%emt 0:03:50] White has more active pieces. The black rooks are badly placed.} Qd7 20. Qxd7 Rxd7 21. Rfe1 Rbd8 22. Rad1 h6 23. Kg2 Kf7 24. g4 Ne8 25. d5 ({Don't take} 25. Rxe4 Nxd6 26. Bxd6 Rxd6 $14) 25... c5 26. Rxe4 Nxd6 27. Ra4 Nb5 28. Ra5 a6 29. a4 $36 {[%emt 0:02:38][%mdl 2048] Black is under strong pressure.} Nc7 30. Rxc5 (30. Kg3 {is more complex.} Nxd5 31. Rxc5 Nxf4 32. Rxd7+ Rxd7 33. Rf5+) 30... Nxd5 31. Kf3 Nxf4 32. Rxd7+ Rxd7 33. Kxf4 $16 {[%emt 0:01:07][%mdl 4096] Endgame KR-KR} Rd4+ 34. Kf5 $1 {[%emt 0:00:29] And now Rc7+ would win.} Rb4 $2 {[%emt 0:02:34] [#]} (34... Kg8 $16 {might work better.}) 35. Rc7+ (35. f4 $1 $18) 35... Kg8 36. f4 (36. Kg6 $18 Rb6+ 37. Kh5) 36... Rxb2 $2 (36... Kh7 $16) 37. h4 $18 {[%emt 0:01:25][%cal Bh3h4,Bh4h5,Bh5g6][%mdl 32] Hoping for g5.} a5 38. g5 Rb6 {[%emt 0:00:23] [#]} 39. Rc8+ $2 (39. Ke5 $1 $18 {and the rest is easy.}) 39... Kh7 $16 40. h5 {[%emt 0:00:00] Threatening mate with g6+.} hxg5 41. fxg5 g6+ 42. hxg6+ Kg7 $1 43. Rc7+ Kg8 44. Rc5 Rb4 45. Rxa5 Kg7 46. Ra8 Rc4 47. Ra7 Rb4 48. Ra5 Rc4 49. Ke5 b6 ({Resist} 49... Kxg6 50. Kd5 Rf4 51. Kc5 $16) 50. Ra6 b5 $1 51. a5 {[%emt 0:02:30] Strongly threatening Rb6.} (51. Kf5 $5 Rc5+ 52. Kg4 Rc4+ 53. Kh5 bxa4 54. Ra8 $11) 51... b4 $1 {[%emt 0:00:07] The position is equal.} 52. Kd5 Rc1 53. Rb6 {[%emt 0:04:51] White threatens a6 and mate.} Ra1 54. Rb7+ Kxg6 55. Rb6+ Kg7 56. a6 {[%emt 0:01:09] White wants to mate with Kc6.} b3 $1 57. Rxb3 Rxa6 58. Ke4 {[%emt 0:04:02] Black escapes into a draw.  Weighted Error Value: White=0.16 (very precise) /Black=0.15 (very precise)} 1/2-1/2

[Event "Romanian Superleague 2022"]
[Site "Oradea"]
[Date "2022.09.23"]
[Round "3.8"]
[White "Padurariu, Mihai-Edward"]
[Black "Baklan, Vladimir"]
[Result "1/2-1/2"]
[ECO "D02"]
[WhiteElo "2263"]
[BlackElo "2578"]
[Annotator "TA"]
[PlyCount "54"]
[EventDate "2022.09.21"]
[EventType "team-tourn"]
[EventCountry "ROU"]
[SourceTitle "playchess.com"]
[Source "ChessBase"]
[SourceQuality "1"]
[TimeControl "40/5400+30:1800+30"]

1. d4 Nf6 2. Nf3 g6 3. Nbd2 d5 4. e3 Bg7 5. b4 O-O 6. c4 c6 {[%emt 0:09:30] D02: 1 d4 d5 2 Nf3 sidelines, including 2...Nf6 3 g3 and 2...Nf6 3 Bf4.} 7. a4 Ne4 {[%emt 0:06:33] [#]} 8. Bd3 $146 ({Predecessor:} 8. Bb2 Bg4 9. Be2 Nxd2 10. Nxd2 Bxe2 11. Qxe2 e6 12. O-O Nd7 13. Rab1 Nb6 14. cxd5 cxd5 {½-½ (30) Nabaty,T (2670)-Gopal,G (2582) Stockholm 2018}) 8... Bf5 9. Qc2 a5 {[%emt 0:01:03] [#] aiming for ...Na6.} 10. cxd5 (10. b5 {with more complications.} Nxd2 11. Nxd2 Bxd3 12. Qxd3 Nd7 13. O-O) 10... Nxd2 11. Bxd2 Bxd3 12. Qxd3 axb4 13. Bxb4 Na6 14. Ba3 Qxd5 15. O-O Rfe8 16. Rab1 Qd7 17. Qb3 Reb8 18. Ne5 Bxe5 {[%emt 0:05:22] The position is equal.} 19. dxe5 Nc7 20. Rfd1 Qe8 21. Bc5 b5 22. axb5 Ne6 23. Qc2 Nxc5 24. Qxc5 Rxb5 25. Rxb5 cxb5 26. e6 fxe6 27. h4 Rd8 {[%emt 0:06:54] An interesting draw.  Weighted Error Value: White=0.07 (flawless) /Black=0.04 (flawless)} 1/2-1/2

[Event "Romanian Superleague 2022"]
[Site "Oradea"]
[Date "2022.09.23"]
[Round "3.9"]
[White "Rogozenco, Dorian"]
[Black "Voiteanu, Gabriel"]
[Result "1-0"]
[ECO "D23"]
[WhiteElo "2438"]
[BlackElo "2154"]
[Annotator "TA"]
[PlyCount "61"]
[EventDate "2022.09.21"]
[EventType "team-tourn"]
[EventCountry "ROU"]
[SourceTitle "playchess.com"]
[Source "ChessBase"]
[SourceQuality "1"]
[TimeControl "40/5400+30:1800+30"]

1. d4 d5 2. c4 c6 3. Nf3 Nf6 4. Qc2 dxc4 5. Qxc4 Bg4 6. Nbd2 e6 {[%emt 0:03:57] D23: Queen's Gambit Accepted: 3 Nf3 Nf6 sidelines.} 7. g3 Be7 8. Bg2 Nbd7 {[%emt 0:02:12] The position is equal.} 9. O-O O-O 10. Qb3 Qb6 11. Nc4 Qa6 12. Re1 Nb6 13. Nce5 Bf5 14. a4 {[%emt 0:08:00] [#]} Qa5 $146 ({Predecessor:} 14... Be4 15. Bf1 Qa5 16. Bd2 Qd5 17. Qe3 h6 18. Bc3 a5 19. Nd2 Bh7 20. Bg2 Qd8 {1-0 (45) Zubov,A (2598)-Goryachkina,A (2610) Chess.com INT 2021}) 15. Nd2 Be4 16. f3 Bd5 (16... Bg6 $14) 17. Qd1 $16 Qb4 {[%emt 0:14:36] [#]} 18. e3 Bc4 {[%emt 0:07:35] A mistake that costs the game.} (18... Nc4 $16) 19. a5 $18 ({Not} 19. Nexc4 Nxc4 20. Nxc4 Qxc4 $14) 19... Bb5 20. axb6 axb6 21. Rxa8 Rxa8 22. Bf1 Bxf1 23. Nxf1 Ra2 24. Nd2 Nd5 25. Nd3 Qa5 26. Ne4 Ra1 27. Qc2 f5 28. Nef2 Bb4 29. Rd1 {[%emt 0:00:50] [#] Black must now prevent e4.} Qa2 $2 (29... Bd6 30. e4 Nc7) 30. e4 Nc3 31. Nxb4 {[%emt 0:00:22] Weighted Error Value: White=0.02 (flawless) /Black=0.23 (precise)} 1-0

[Event "Romanian Superleague 2022"]
[Site "Oradea"]
[Date "2022.09.23"]
[Round "3.10"]
[White "Oprisor, Razvan-Gabriel"]
[Black "Manolache, Marius"]
[Result "0-1"]
[ECO "B23"]
[WhiteElo "2175"]
[BlackElo "2455"]
[Annotator "TA"]
[PlyCount "110"]
[EventDate "2022.09.21"]
[EventType "team-tourn"]
[EventCountry "ROU"]
[SourceTitle "playchess.com"]
[Source "ChessBase"]
[SourceQuality "1"]
[TimeControl "40/5400+30:1800+30"]

1. e4 c5 2. Nc3 Nc6 3. f4 g6 4. Nf3 Bg7 5. Bb5 Nd4 6. O-O Nxb5 7. Nxb5 d6 8. Nc3 Nf6 9. d3 O-O {[%emt 0:16:52] B23: Closed Sicilian: Lines without g3.} 10. Qe1 d5 11. e5 {[%emt 0:11:15] [#]} Ne8 $146 {[%emt 0:02:31] The position is equal.} ({Predecessor:} 11... Ng4 12. h3 Nh6 13. Qf2 b6 14. d4 cxd4 15. Nxd4 e6 16. Be3 f6 17. exf6 Qxf6 {0-1 (34) Satici,A (2354)-Hoyos Millan,L (2475) ICCF email 2007}) 12. Qh4 Nc7 13. Bd2 (13. Ng5 $5 h6 14. Nf3 $11) 13... f5 14. Ng5 {[%emt 0:07:46][%csl Gg5][%cal Rh4h7] [#]} (14. d4 $5 ) 14... h6 15. Nf3 d4 16. Na4 b6 17. b3 Be6 18. Rae1 Nd5 19. Qg3 Bf7 20. Nh4 Kh7 $1 21. Nb2 b5 {[%emt 0:00:42] Prevents Nc4.} 22. a4 a6 23. Ra1 e6 24. Nf3 Qd7 25. h3 Rfc8 26. Kh2 Bf8 27. Qf2 Be7 28. h4 Be8 29. Qe2 Qd8 30. Rh1 Kg7 31. Kg3 Bc6 32. Kf2 h5 33. Ng5 Qd7 34. Kg3 Bd8 35. Rhc1 Bxg5 36. hxg5 Nc3 37. Bxc3 (37. Qf2 $11) 37... dxc3 $15 38. Nd1 bxa4 39. Nxc3 ({White should play} 39. bxa4 $15 Qd4 40. Qf2) 39... Qd4 $36 {[%emt 0:00:48][%mdl 2048] Black is in control.} 40. Qd2 axb3 {[%emt 0:00:00] Dancing on a razor blade.} 41. cxb3 Rab8 42. Ra3 Rb4 (42... a5 $5) 43. Nd1 (43. Kh2 $11 {keeps the balance.}) 43... h4+ 44. Kh2 {[%emt 0:01:22] [#]} Bb5 {[%emt 0:00:18] Prevents Rc4. Black is much more active.} ({Reject} 44... Qxf4+ $6 45. Qxf4 Rxf4 46. Rxc5 $11) (44... h3 $1 $17 45. g3 Bb7) 45. Rc4 $2 Bxc4 $19 46. bxc4 Rxc4 47. Rxa6 Qxf4+ 48. Qxf4 Rxf4 {[%emt 0:00:05][%mdl 4096] Endgame KRR-KRN} 49. Ne3 Rd8 50. Nc4 Rxd3 51. Ra7+ Kf8 52. Nd6 Rfd4 53. Rf7+ Kg8 {[%emt 0:00:05] Hoping for ...Rxd6. Black is clearly winning.} 54. Rd7 c4 55. Rd8+ Kg7 {[%emt 0:00:08] Weighted Error Value: White=0.34/Black=0.17 (very precise)} 0-1

[Event "Romanian Superleague 2022"]
[Site "Oradea"]
[Date "2022.09.23"]
[Round "3.11"]
[White "Anton, Teodor"]
[Black "Ursente, Tudor-Alexandru"]
[Result "1-0"]
[ECO "E09"]
[WhiteElo "2454"]
[BlackElo "1931"]
[Annotator "TA"]
[PlyCount "79"]
[EventDate "2022.09.21"]
[EventType "team-tourn"]
[EventCountry "ROU"]
[SourceTitle "playchess.com"]
[Source "ChessBase"]
[SourceQuality "1"]
[TimeControl "40/5400+30:1800+30"]

1. d4 Nf6 2. Nf3 e6 3. c4 d5 4. g3 c6 5. Bg2 Be7 6. O-O O-O 7. Nbd2 Nbd7 8. Qc2 b6 9. e4 Bb7 10. e5 Ne8 11. cxd5 cxd5 12. Re1 Rc8 13. Qd1 {[%emt 0:00:08] E09: Closed Catalan: Main Line: 7 Qc2 c6 8 Nbd2.} Nc7 14. Nf1 a5 15. h4 {[%emt 0:00:41] White is slightly better.} Na6 {[%emt 0:07:37] [#]} 16. Bg5 $146 (16. Ne3 $14) ({Predecessor:} 16. a3 Rc6 17. Bg5 h6 18. Bxe7 Qxe7 19. Qd2 Rfc8 20. Ne3 Nf8 21. Nh2 Nb8 22. f4 {0-1 (36) Kulon,K (2267)-Zawadzka,J (2383) Poland 2013}) 16... Nb4 {[%emt 0:08:35] Strongly threatening ...Nc2.} 17. Ne3 {[%emt 0:01:31] Against Nc2} Ba6 18. a3 Nc6 19. Bh3 h6 (19... Re8 $11) 20. Bf4 $1 $16 b5 21. Kg2 (21. Ng4 $16) 21... Re8 {[%emt 0:01:31] [#]} (21... b4 {keeps more tension.} 22. Ng4 Kh7 23. Qd2 Rh8) 22. Ng4 ({White should try} 22. Nxd5 $1 $14 exd5 23. e6 fxe6 24. Bxe6+ Kh8 25. Ng5) 22... h5 23. Ne3 {[%emt 0:00:31][%cal Oe3d5] Threatens to win with Nxd5!} b4 {[%emt 0:01:54] [#]} (23... Nf8 $11 {remains equal.}) 24. Ng5 (24. Nxd5 $1 $16 bxa3 (24... Bb7 25. Ne3) 25. Nxe7+ Nxe7 26. Rxa3) 24... g6 $2 (24... Bxg5 $11 25. hxg5 bxa3 26. Rxa3 Nf8) 25. Nxd5 {[%emt 0:01:29][%cal Oh3e6] Hoping for Bxe6!} Bf8 $2 {[%emt 0:03:05] [#]} (25... exd5 $2 26. Nxf7 $1 Qb6 27. Nh6+ (27. Bxd7 Kxf7 28. Rc1 Red8 $16) 27... Kh7 28. Bxd7 $18) (25... Nf8 $16) 26. Ne3 $2 (26. Nxf7 $1 $18 Kxf7 27. Bg5) 26... Bb7 $2 (26... Qb6 $1 $14) 27. Kh2 Qb6 28. Bg2 (28. Re2 $18) 28... Red8 29. Nf3 {[%emt 0:03:06] White has more active pieces.} (29. d5 $16 Ncxe5 30. Nxf7 $1 Nxf7 31. dxe6) 29... Nxd4 $2 30. Nxd4 $18 (30. Qxd4 $6 Bc5 31. Qd1 Nxe5 $16) 30... Bxg2 31. Nxg2 (31. Kxg2 Nb8 $11) 31... Nb8 32. Be3 Bc5 {[%emt 0:00:28][%cal Rc5d4] [#]} 33. Rc1 $1 Nc6 {[%emt 0:00:49] [#]} (33... Qa6 34. Qe2) 34. Nxc6 {[%emt 0:01:16] White is clearly winning.} ({Weaker is} 34. Rxc5 Qxc5 35. Nxc6 Qxc6 $16) 34... Rxd1 35. Ne7+ {[%emt 0:00:13][%mdl 64] Pin, Double Attack. Pair of Knights!} ({Not} 35. Bxc5 Rxc6 36. Bxb6 Rdxc1 37. Bxa5 Rxe1 38. Nxe1 bxa3 39. bxa3 Rc5 $16) 35... Kg7 (35... Bxe7 $142 36. Rxc8+ (36. Bxb6 $2 {loses.} Rdxc1 37. Rxc1 Rxc1 $19) 36... Rd8) 36. Nxc8 Qb8 37. Rxc5 Rxe1 38. Nxe1 bxa3 39. bxa3 Qb1 40. Nc2 {[%emt 0:00:00] Weighted Error Value: White=0.31/Black=0.66} 1-0

[Event "Romanian Superleague 2022"]
[Site "Oradea"]
[Date "2022.09.23"]
[Round "3.12"]
[White "Gulie, Cosmin"]
[Black "Antal, Hunor-Zoltan"]
[Result "0-1"]
[ECO "B22"]
[WhiteElo "1973"]
[BlackElo "2235"]
[Annotator "TA"]
[PlyCount "66"]
[EventDate "2022.09.21"]
[EventType "team-tourn"]
[EventCountry "ROU"]
[SourceTitle "playchess.com"]
[Source "ChessBase"]
[SourceQuality "1"]
[TimeControl "40/5400+30:1800+30"]

1. e4 c5 2. c3 Nf6 3. e5 Nd5 4. g3 d6 5. exd6 Qxd6 6. Bg2 Nc6 7. Ne2 Bf5 {[%emt 0:09:41] has lost popularity (7...Bg4). B22: Sicilian: 2 c3.} 8. d4 $1 cxd4 9. Nxd4 Nxd4 {[%emt 0:03:19] The position is equal.} 10. Qxd4 Qe6+ 11. Be3 Nxe3 12. Qxe3 (12. fxe3 {keeps more tension.} Rd8 13. Qxa7 Bd3 14. c4) 12... Qxe3+ 13. fxe3 O-O-O 14. Nd2 e5 (14... g6 $5 ) 15. O-O-O Bc5 16. e4 Be6 17. Kc2 {[%emt 0:03:07] [#]} h5 $146 {[%emt 0:03:15] Black is much more active.} (17... Bxa2 $2 18. b3 $18) ({Predecessor:} 17... f6 18. a3 Be3 {½-½ (18) Zawadzki,S (2192)-Stojanovic,D (2241) Litohoto 1999}) 18. Nf3 f6 19. b3 (19. b4 $15 Bb6 20. Nh4) 19... g5 $17 20. Rxd8+ Kxd8 21. a4 h4 22. gxh4 g4 {[%emt 0:02:00][%mdl 64] [#] Deflection} 23. Nd2 Rxh4 24. b4 (24. Nf1 $17 {keeps fighting.}) 24... Be3 $19 25. Nf1 Bf4 26. Ng3 (26. Kd3 $142) 26... Kc7 27. a5 Rh7 28. Nf1 a6 29. Ng3 $2 (29. Nd2 {was forced.}) 29... Rd7 {[%emt 0:00:14] [#] Hoping for ...Rd2+. Black is clearly winning.} 30. Nf1 {[%emt 0:00:17] Against Rd2+} Bc4 31. h4 gxh3 32. Bxh3 Bd3+ {[%emt 0:00:56] This bishop pair is nice.} 33. Kb3 Rh7 {[%emt 0:00:13] Weighted Error Value: White=0.36/Black=0.06 (flawless)} 0-1

[Event "Romanian Superleague 2022"]
[Site "Oradea"]
[Date "2022.09.23"]
[Round "3.13"]
[White "Sumets, Andrey"]
[Black "Marin, Mihail"]
[Result "1-0"]
[ECO "B06"]
[WhiteElo "2513"]
[BlackElo "2457"]
[Annotator "TA"]
[PlyCount "75"]
[EventDate "2022.09.21"]
[EventType "team-tourn"]
[EventCountry "ROU"]
[SourceTitle "playchess.com"]
[Source "ChessBase"]
[SourceQuality "1"]
[TimeControl "40/5400+30:1800+30"]

1. d4 g6 2. e4 Bg7 3. Nf3 d6 4. Bc4 c5 5. dxc5 Qa5+ 6. c3 Qxc5 {[%emt 0:00:15] B06: Modern Defence.} 7. Qb3 {[%emt 0:08:01] [#] Strongly threatening Be3.} e6 8. Be3 Qc7 {[%emt 0:03:06] White is better.} 9. Na3 {[%emt 0:00:12] Nb5 is the strong threat.} a6 {[%emt 0:02:41] Inhibits Nb5.} 10. O-O-O Nc6 11. Qb6 Qxb6 12. Bxb6 Nf6 13. Rhe1 {[%emt 0:00:57] [#]} Ke7 $146 ({Predecessor:} 13... Bf8 14. Bc7 b5 15. Bb3 Ng4 16. Bxd6 Bh6+ 17. Kc2 Nxf2 18. Ra1 Ng4 19. Bc5 Bf8 20. Bxf8 Kxf8 {0-1 (42) Williams,A-Forintos,G Caorle 1972}) 14. Bb3 Ne8 15. Nc4 $36 {[%emt 0:01:24][%mdl 2048] White is on the roll. White is much more active. The black rooks are badly placed.} a5 (15... e5 $16 16. Nxd6 Nxd6) 16. Ba4 (16. e5 $18 Nxe5 17. Ncxe5 (17. Nfxe5 a4 $18)) 16... f5 {[%emt 0:11:03] Black cannot hold the game after this.} (16... Bd7 $16 {was necessary.}) 17. Bxc6 bxc6 {[%emt 0:00:06] [#]} 18. Nxd6 Nxd6 19. Bc5 Rd8 20. e5 {[%emt 0:00:45][%cal Be4e5,Be5d6][%mdl 96] Pin} h6 21. exd6+ Kf7 22. Bb6 Rd7 23. Ne5+ Bxe5 24. Rxe5 a4 25. Bc7 Kf6 26. Rc5 Ra6 27. Rd4 e5 28. Rdc4 Ke6 (28... Ra8 $142 29. Rb4 (29. Rxc6 Bb7 $16) 29... Rf7 30. Rxc6 (30. Bd8+ Ke6 $16) 30... Bd7) 29. Rxc6 Rxc6 30. Rxc6 $18 {[%emt 0:00:04][%mdl 4096] Endgame KRB-KRB} Bb7 31. Rc4 Bxg2 $2 (31... a3 {was worth a try.} 32. g3 axb2+ 33. Kxb2 Rf7) 32. Rxa4 f4 33. Kd2 Kf5 $2 (33... g5 34. c4 Rf7) 34. c4 {[%emt 0:00:27][%cal Bc3c4,Bc4c5,Bc5c6][%mdl 32] White is clearly winning.} Kg4 35. c5 g5 36. b4 Kh3 37. b5 Kxh2 38. c6 {[%emt 0:00:19] Weighted Error Value: White=0.14 (very precise) /Black=0.47} 1-0

[Event "Romanian Superleague 2022"]
[Site "Oradea"]
[Date "2022.09.23"]
[Round "3.14"]
[White "Miron, Lucian-Costin"]
[Black "Cioara, Andrei-Nestor"]
[Result "1-0"]
[ECO "B01"]
[WhiteElo "2498"]
[BlackElo "2407"]
[Annotator "TA"]
[PlyCount "59"]
[EventDate "2022.09.21"]
[EventType "team-tourn"]
[EventCountry "ROU"]
[SourceTitle "playchess.com"]
[Source "ChessBase"]
[SourceQuality "1"]
[TimeControl "40/5400+30:1800+30"]

1. e4 d5 2. exd5 Qxd5 3. Nc3 Qd8 4. d4 c6 5. Bc4 Nf6 6. Nf3 Bf5 7. Ne5 e6 {[%emt 0:00:12] B01: Scandinavian Defence.} 8. g4 $1 Bg6 9. h4 Be4 ({Black should try} 9... Bb4 $14) 10. Nxe4 $18 Nxe4 {[%emt 0:00:02] [#]} 11. c3 (11. Nxf7 $142 $1 Kxf7 12. Qf3+ Nf6 13. g5 (13. Qf5 Qd6 $17)) 11... Nd6 $16 12. Bd3 Nd7 {[%emt 0:00:24] [#]} 13. h5 $146 {[%emt 0:01:10] White is much more active. The black rooks are badly placed.} ({Predecessor:} 13. Qc2 Be7 14. Bf4 Bxh4 15. Nxc6 bxc6 16. Bxd6 Nb6 17. Be5 Bf6 18. Bg3 Nd5 19. O-O-O {1-0 (43) Halvax,G (2421)-Theuretzbacher,K (2254) Austria 2017}) 13... Qa5 (13... Nxe5 $142 14. dxe5 Nb5) 14. Nxd7 Qd5 {[%emt 0:02:58] [#]} (14... Kxd7 $16 15. Bf4 Be7) 15. Kd2 Kxd7 16. Kc2 Rd8 17. Re1 Qa5 (17... g6 $16) 18. Re5 ({White should play} 18. a4 $18) 18... Qc7 19. Bf4 Kc8 20. Qf3 Be7 (20... Qd7 $16 21. Rae1 Kb8) 21. b4 $18 Qd7 22. a4 {[%emt 0:01:20] Black must now prevent b5.} f6 (22... Kb8 $142 23. b5 Ka8 24. bxc6 bxc6) 23. Re3 Rhe8 24. Bxh7 Kb8 (24... f5 $142 25. Rae1 Ne4 26. gxf5 exf5) 25. Bg6 {[%emt 0:01:43] White is clearly winning.} Rf8 (25... Rh8 $142 26. Qe2 Bf8 27. Rxe6 Ka8) 26. Qe2 e5 27. dxe5 fxe5 28. Bxe5 Ka8 29. Bxg7 Rg8 30. Rxe7 {[%emt 0:00:13] Weighted Error Value: White=0.14 (very precise) /Black=0.49} 1-0

[Event "Romanian Superleague 2022"]
[Site "Oradea"]
[Date "2022.09.23"]
[Round "3.15"]
[White "Stepanencu, Nicodim-Cosmin"]
[Black "Secheres, Adrian-Simion"]
[Result "1/2-1/2"]
[ECO "E63"]
[WhiteElo "2289"]
[BlackElo "2375"]
[Annotator "TA"]
[PlyCount "58"]
[EventDate "2022.09.21"]
[EventType "team-tourn"]
[EventCountry "ROU"]
[SourceTitle "playchess.com"]
[Source "ChessBase"]
[SourceQuality "1"]
[TimeControl "40/5400+30:1800+30"]

1. Nf3 Nf6 2. c4 g6 3. g3 Bg7 4. Bg2 O-O 5. Nc3 d6 6. d4 Nc6 7. O-O a6 8. b3 Rb8 9. d5 Na5 {[%emt 0:01:09] E63: King's Indian: Fianchetto: Panno Variation with 7...a6.} 10. Bg5 b5 11. cxb5 axb5 12. b4 Nc4 13. Qb3 h6 14. Bxf6 Bxf6 ({Less strong is} 14... exf6 {[#]} 15. Nxb5 $1 Bd7 16. Nbd4 $16 (16. Qxc4 Bxb5 17. Qc2 f5 $11)) 15. a4 {[%emt 0:00:17] [#]} e6 $146 ({Predecessor:} 15... Nb6 16. axb5 Bd7 17. Rfd1 e6 18. dxe6 Bxe6 19. Qc2 Bf5 20. e4 Bxc3 21. Qxc3 Bxe4 {1-0 (60) Vantika,A (2210)-Arpita,M (2090) New Delhi 2018}) 16. Rac1 exd5 17. Nxd5 Be6 18. Nf4 Qd7 {[%emt 0:09:02][%cal Oc4d2] [#] aiming for ...Nd2!} 19. Nxe6 Qxe6 20. Rc2 d5 21. a5 c6 22. e3 Rfe8 23. Rd1 Rbd8 24. Nd4 Qd6 25. Ra2 Rd7 26. Qb1 Rb8 27. Bf3 Bxd4 28. Rxd4 Qe5 29. Qc1 Re7 {[%emt 0:02:43] Weighted Error Value: White=0.08 (flawless) /Black=0.11 (very precise)} 1/2-1/2